AoeStats
← dorine6

Arena

509665195Analyzed
1v1 RM · 6d ago on Sep 27, 2026· 39m 11s· 2 players
Game mode
Random Map
Map size
Tiny (2 player)
Population
200
Speed
Normal
Resources
Standard
Victory
Conquest
Starting age
Dark Age
Ending age
Imperial Age
RankedLock teamsTeams togetherTeam positionsShared explorationLock speedFull tech treeHidden civsTurbo modeCheats
Victory
Defeat
🇭🇰 Jurchens · Hong Kong SAR China
714
+16
🇫🇷 Georgians · France
706
-21
dorine6
3:37 Loom
13:13 Feudal Age
14:03 Double-Bit Axe
14:00 Horse Collar
19:05 Castle Age
18:18 Forging
18:40 Scale Mail Armor
19:41 Bloodlines
20:58 Pikeman
23:11 Stone Mining
23:45 Crossbowman
28:27 Husbandry
34:39 Fletching
35:05 Chain Mail Armor
34:55 Scale Barding Armor
Dingo
2:57 Loom
9:38 Feudal Age
13:31 Castle Age
11:53 Double-Bit Axe
12:34 Horse Collar
14:38 Bow Saw
16:18 Heavy Plow
22:54 Wheelbarrow
27:43 Scale Mail Armor
27:35 Pikeman
29:01 Chain Mail Armor
28:47 Squires
28:33 Arson
28:37 Treadmill Crane
28:57 Arson
29:24 Forging
29:56 Fletching
30:06 Padded Archer Armor
30:43 Hand Cart
30:13 Town Watch
31:11 Ballistics
30:51 Stone Mining
30:54 Gold Mining
31:26 Bodkin Arrow
32:31 Iron Casting
32:56 Leather Archer Armor
32:46 Scale Barding Armor
37:29 Imperial Age
34:59 Town Patrol
35:43 Chain Barding Armor
36:30 Stone Shaft Mining
36:32 Gold Shaft Mining
38:42 Guilds
39:06 Crop Rotation
39:37 Two-Man Saw
38:38 Bracer
39:34 Ring Archer Armor
40:04 Blast Furnace
39:56 Plate Barding Armor
39:23 Murder Holes
39:33 Siege Engineers
39:39 Masonry
39:40 Fortified Wall
38:51 Capped Ram
38:53 Heavy Scorpion
38:55 Elite Skirmisher
39:22 Gambesons
38:58 Man-at-Arms
Connection lost

Rejoining the realm…

Still unreachable

The connection could not be restored.

Session expired

The server has moved on; the page needs a fresh start.